 Dungeon Crawl Stone Soup version 0.30-a0-304-gdc4b735fe1 (webtiles) character file.

Game seed: 9618437536435509760

38 MrRokkomies the Sneak (level 3, -14/33 HPs)
             Began as an Armataur Delver on Oct 20, 2022.
             Demolished by an ogre
             ... wielding a +0 giant spiked club
              (28 damage)
             ... on level 5 of the Dungeon.
             The game lasted 00:00:42 (50 turns).

MrRokkomies the Sneak (Armataur Delver)               Turns: 50, Time: 00:00:43

Health: -14/33     AC:  4    Str: 17    XL:     3   Next: 25%
Magic:  3/3        EV:  9    Int: 10    God:
Gold:   29         SH:  0    Dex: 13    Spells: 2/2 levels left

rFire   . . .      SeeInvis .    a - +0 short sword
rCold   . . .      Faith    .    (no shield)
rNeg    . . .      Spirit   .    b - +0 leather armour
rPois   .          Reflect  .    (no helmet)
rElec   .          Harm     .    (no cloak)
rCorr   .          Roll     +    (no gloves)
Will    .....                    (no barding)
Stlth   +++.......               (no amulet)
HPRegen 0.25/turn                (no ring)
MPRegen 0.08/turn                (no ring)

@: attractive, hasted, very quick
A: large, rugged brown scales 3, deformed body, armoured tail, roll, long
tongue, awkward tongue
a: no special abilities


You were on level 5 of the Dungeon.
You visited 1 branch of the dungeon, and saw 1 of its levels.

You collected 29 gold pieces.

Inventory:

Hand Weapons
 a - a +0 short sword (weapon)
Armour
 b - a +0 leather armour (worn)
Wands
 g - a wand of digging (3)
Scrolls
 c - a scroll of fog
 d - a scroll of magic mapping
 e - a scroll of fear


   Skills:
 * Level 3.1 Fighting
 * Level 2.3 Short Blades
 + Level 1.0 Armour
 + Level 1.6 Dodging
 + Level 5.6 Stealth


You had 2 spell levels left.
You didn't know any spells.
Your spell library was empty.

Dungeon Overview and Level Annotations

Branches:
Dungeon (5/15)
 Temple: D:4-7

Altars:
Uskayaw


Innate Abilities, Weirdness & Mutations

You are completely covered in rugged brown scales. (AC +3, +7% HP)
Armour fits poorly on your strangely shaped body.
You have a long armoured tail.
You roll when moving toward enemies. (Rampage)
Your long tongue fully drains potion bottles. (2x potion effects)
Your tongue gives you trouble enunciating. (1.5x scroll delay)


Message History

Increase (S)trength, (I)ntelligence, or (D)exterity?
You feel agile. x2
You slurp down every last drop of the puce potion!
It was a potion of attraction.
You feel attractive to monsters. The adder bites you.
You closely miss the adder.
Your tail-slap misses the adder.
The adder is lightly wounded.
The adder bites you but does no damage.
You hit the adder.
The adder is moderately wounded.
You hit the adder.
The adder is severely wounded.
The adder barely misses you.
You closely miss the adder.
The adder is severely wounded.
The adder bites you.
You are poisoned.
The adder poisons you!
You hit the adder but do no damage.
The adder is severely wounded.
You feel sick. The adder bites you.
You hit the adder.
The adder is almost dead.
You feel sick.
You hit the adder.
You kill the adder!
You feel sick.
You start resting.
You feel sick.
You are no longer poisoned.
You start resting.
An ogre comes into view. It is wielding a +0 giant spiked club.
The ogre is attracted toward you. The ogre is attracted toward you.
The ogre is attracted toward you.
You hit the ogre but do no damage. You tail-slap the ogre!
The ogre is moderately wounded.
The ogre hits you with a +0 giant spiked club!!
Ouch! That really hurt!
You die...

#.8.......8
#.....)!? .
.####.8..._ .8.
.......§.###....
..............#
####..##§.#####
##..###.# #.>.#
#O#
#...###@######.
#..............
#.#.###.#######
#.#.# #.# #.#.#
#.# ...#. ..#
#.# # ###


You could see an ogre.

Vanquished Creatures
  A hound (D:5)
  An adder (D:5)
2 creatures vanquished.

Notes
Turn   | Place    | Note
-------+----------+-------------------------------------------
     0 | D:5      | MrRokkomies the Armataur Delver began the quest for the
                  | Orb.
     0 | D:5      | Reached XP level 1. HP: 19/19 MP: 1/1
    13 | D:5      | Found a hide-covered altar of Uskayaw.
    13 | D:5      | Noticed a hound
    25 | D:5      | Killed a hound
    26 | D:5      | Reached skill level 1 in Armour
    26 | D:5      | Reached XP level 2. HP: 14/27 MP: 2/2
    26 | D:5      | Reached XP level 3. HP: 18/33 MP: 3/3
    47 | D:5      | Noticed an ogre
    50 | D:5      | Demolished by an ogre

Illustrated notes

Levels and vault maps discovered:
D:5:      layout_loops_ring, eat_drink_and_be_merry_uskayaw

Skill      XL: |  1 |
---------------+----+-----
Fighting       | 3 |  3.1
Short Blades   | 2 |  2.3
Armour         | 1 |  1.0
Dodging        | |  1.6
Stealth        | |  5.6

Action                   || total
-------------------------++-------
Melee: Short sword       ||    16
       Tailslap          ||     3
  Use: Potion            ||     2
Armor: Leather armour    ||     8
Dodge: Dodged            ||     3

Table legend: (Time is in decaauts)
 A = Elapsed time spent in this place.
 B = Non-inter-level travel time spent in this place.
 C = Inter-level travel time spent in this place.
 D = Time resting spent in this place.
 E = Time spent auto-exploring this place.
 F = Levels seen in this place.
 G = Mean time per level.
                   A        B        C        D        E       F      G
               +--------+--------+--------+--------+--------+-----+--------+
         Total |     39 |     39 |      0 |      8 |      9 |   1 |   39.0 |
       Dungeon |     39 |     39 |      0 |      8 |      9 |   1 |   39.0 |
               +--------+--------+--------+--------+--------+-----+--------+

Top non-repeatable levels by time:
     D:5: 39 daAuts
